 Seeded DCSS version 0.30.1-4-g462c640d31 (webtiles) character file.

Game seed: 16653573533833982129 (custom seed)

12 Psyclone the Stinger (level 2, -2/17 HPs)
             Began as an Octopode Venom Mage on Sept 18, 2023.
             Slain by a kobold
             ... wielding a +0 club
              (4 damage)
             ... on level 1 of the Dungeon.
             The game lasted 00:00:50 (117 turns).

Psyclone the Stinger (Octopode Venom Mage)           Turns: 117, Time: 00:00:50

Health: -2/17      AC:  1    Str:  7    XL:     2   Next: 33%
Magic:  1/5        EV: 13    Int: 17    God:
Gold:   0          SH:  0    Dex: 12    Spells: 4/5 levels left

rFire   . . .        f - +0 dagger
rCold   . . .        (no shield)
rNeg    . . .        (helmet restricted)
rPois   .            (no amulet)
rElec   .            (no ring)
rCorr   .            (no ring)
SInv    .            (no ring)
Will    .....        (no ring)
Stlth   +++          (no ring)
HPRegen 0.22/turn    (no ring)
MPRegen 0.09/turn    (no ring)
                     (no ring)

%: no passive effects
@: no status effects
A: almost no armour, amphibious, 8 rings, camouflage 1, gelatinous body 1,
(nimble swimmer 1), tentacles
a: no special abilities


You were on level 1 of the Dungeon.
You visited 1 branch of the dungeon, and saw 1 of its levels.

Inventory:

Hand Weapons
 f - a +0 dagger (weapon)
Scrolls
 b - a scroll of amnesia {unknown}
 c - a scroll of butterflies {unknown}
Potions
 a - a potion of magic
 d - a potion of ambrosia {unknown}
 e - a potion of attraction {unknown}


   Skills:
 - Level 2.0 Dodging
 - Level 2.6 Stealth
 - Level 2.0 Spellcasting
 - Level 1.0 Transmutations
 + Level 4.5 Poison Magic


You had 4 spell levels left.
You knew the following spells:

 Your Spells              Type           Power      Damage    Failure   Level
a - Sting                 Tmut/Pois      44%        1d5       6%          1

Your spell library contained the following spells:

 Spells                   Type           Power      Damage    Failure   Level
 Poisonous Vapours        Pois/Air       18%        N/A       12%         2
 Mephitic Cloud           Conj/Pois/Air  6%         N/A       30%         3
 Olgreb's Toxic Radiance  Pois           17%        N/A       30%         4


Dungeon Overview and Level Annotations

Branches:
Dungeon (1/15) Zot: 5882

Altars:


Innate Abilities, Weirdness & Mutations

You cannot wear most types of armour.
You are amphibious.
You can wear up to eight rings at the same time.
Your skin changes colour to match your surroundings (Stealth+).
Your rubbery body absorbs attacks. (AC +1, EV +1)
((You are camouflaged when in or above water. (Stealth+)))
You have tentacles for arms and can constrict up to eight enemies at once.


Message History

You hit the hobgoblin.
You kill the hobgoblin!
Casting: Sting (safe; 6% risk of failure)
Confirm with . or Enter, or press ? or * to list all spells.
Aiming: Sting (safe; 6% risk of failure)
Press: ? - help, Shift-Dir - straight line, f - ball python
Aim: a ball python (68% to hit)
The sting hits the ball python.
The ball python is poisoned.
You kill the ball python!
You now have 2/5 mp.
Casting: Sting (safe; 6% risk of failure)
Confirm with . or Enter, or press ? or * to list all spells.
Aiming: Sting (safe; 6% risk of failure)
Press: ? - help, Shift-Dir - straight line, f - endoplasm
Aim: an endoplasm (98% to hit)
The sting hits the endoplasm.
The endoplasm partially resists.
The endoplasm is lightly wounded.
You now have 1/5 mp.
Casting: Sting (safe; 6% risk of failure)
Confirm with . or Enter, or press ? or * to list all spells.
Aiming: Sting (safe; 6% risk of failure)
Press: ? - help, Shift-Dir - straight line, f/p - endoplasm
Aim: an endoplasm (lightly wounded, 98% to hit)
The sting hits the endoplasm.
The endoplasm partially resists.
The endoplasm is severely wounded.
The endoplasm hits you but does no damage.
You now have 0/5 mp.
You hit the endoplasm.
You kill the endoplasm!
You see here a bat corpse.
The kobold throws a stone.
The stone hits you.
* * * LOW HITPOINT WARNING * * *
You take 2 damage, and have 5/17 hp.
The kobold hits you with a +0 club.
* * * LOW HITPOINT WARNING * * *
You see here a ball python corpse.
You take 3 damage, and have 2/17 hp.
You barely miss the kobold. You grab the kobold. You constrict the kobold.
The kobold hits you with a +0 club.
You die...

######..#.# ##.#
..........#
#####...
####.#..#####.....#
#
####.#........#...
..
...#.#.######.#.#
.## ##.#.#.## #...#
...# #.#....# ###.#
....# #......#
#†##†...# #.#....#
#)@K# ##.#.####
##..# ...#.# #.....
####.# #.......
####.# ########
.....# ######


You could see a kobold.

Vanquished Creatures
  An endoplasm (D:1)
  A hobgoblin (D:1)
  4 jackals (D:1)
  2 ball pythons (D:1)
  A bat (D:1)
  2 goblins (D:1)
  A rat (D:1)
12 creatures vanquished.

Notes
Turn   | Place    | Note
-------+----------+-------------------------------------------
     0 | D:1      | Psyclone the Octopode Venom Mage began the quest for the
                  | Orb.
     0 | D:1      | Reached XP level 1. HP: 11/11 MP: 3/3
    28 | D:1      | Reached skill level 4 in Poison Magic
    85 | D:1      | Reached XP level 2. HP: 12/17 MP: 3/5
   117 | D:1      | Slain by a kobold

Illustrated notes

Levels and vault maps discovered:
D:1:      dpeg_arrival_tiny_k, layout_loops_ring, minmay_hexomino_c4

Skill      XL: |  1 |
---------------+----+-----
Poison Magic   | 4 |  4.5
Dodging        | |  2.0
Stealth        | |  2.6
Spellcasting   | |  2.0
Transmutations | |  1.0

Action                     || total
---------------------------++-------
  Melee: Unarmed           ||    11
         Constrict         ||     6
         Tentacles         ||     5
         Dagger            ||     7
   Cast: Sting             ||     8
   Stab: Sleeping          ||     1
 Armour: Skin              ||     3
  Dodge: Dodged            ||    10
